[Event "BLR-ch U20 Girls 2021"]
[Site "Minsk"]
[Date "2021.04.20"]
[Round "1.8"]
[White "Astapchyk, Darya"]
[Black "Khomich, Maryna"]
[Result "0-1"]
[ECO "B12"]
[WhiteElo "1586"]
[BlackElo "1409"]
[Annotator "NA RC"]
[PlyCount "112"]
[EventDate "2021.04.20"]
[EventType "tourn"]
[EventCountry "BLR"]
[SourceTitle "playchess.com"]
[Source "ChessBase"]
[SourceQuality "1"]
[TimeControl "40/5400+30:1800+30"]

1. e4 c6 2. d4 d5 3. e5 Bf5 4. g4 Bd7 5. Bg2 e6 6. Ne2 Ne7 7. Ng3 c5 8. c3 Bb5 9. Be3 Nec6 10. Nd2 cxd4 11. cxd4 Nb4 12. Bf1 Qa5 13. a3 Nd3+ 14. Bxd3 Bxd3 15. b4 Qb5 16. Qb3 Bc4 17. Nxc4 dxc4 18. Qc2 a5 19. bxa5 Qxa5+ 20. Bd2 Qd5 21. Qc3 Nc6 22. Be3 h5 23. gxh5 Rxh5 24. Ke2 Rh4 25. Rhd1 Rxh2 26. Nf1 Rh1 27. Nd2 Rxd1 28. Rxd1 Rxa3 29. Qxc4 b5 30. Qxd5 exd5 31. Rb1 b4 32. Nb3 Kd7 33. f4 g6 34. Rb2 Kc7 35. Kd2 Kb6 36. Kc2 Na5 37. Nxa5 Rxe3 38. Nb3 Rf3 39. Ra2 Rf2+ 40. Kb1 Rxf4 41. Ra8 Be7 42. Re8 Rf1+ 43. Kc2 Rf2+ 44. Kb1 Bh4 45. Rb8+ Kc7 46. Rxb4 g5 47. Ra4 g4 48. Ra8 g3 49. Rg8 g2 50. Nc1 Be7 51. Rg7 Kd7 52. Rg3 Ba3 53. Nb3 Bf8 54. Nc1 Bh6 55. Rg4 Bxc1 56. Kxc1 Rf1+ 0-1

[Event "BLR-ch U20 Girls 2021"]
[Site "Minsk"]
[Date "2021.04.20"]
[Round "3.6"]
[White "Halouchyts, Karalina"]
[Black "Poliakova, Varvara"]
[Result "1-0"]
[ECO "C31"]
[WhiteElo "1765"]
[BlackElo "1918"]
[Annotator "RC"]
[PlyCount "55"]
[EventDate "2021.04.20"]
[EventType "tourn"]
[EventCountry "BLR"]
[SourceTitle "playchess.com"]
[Source "ChessBase"]
[SourceQuality "1"]
[TimeControl "40/5400+30:1800+30"]

1. e4 e5 2. f4 d5 3. exd5 c6 4. Qe2 cxd5 5. fxe5 Nc6 6. Nf3 d4 7. Qe4 Nge7 8. Bc4 Bf5 9. Qf4 h6 10. d3 Qd7 11. O-O Ng6 12. Qg3 Be6 13. Nbd2 Rc8 14. a4 a6 15. Nb3 Rd8 16. h4 Bxc4 17. dxc4 Qe6 18. h5 Ngxe5 19. Nxe5 Nxe5 20. Bf4 f6 21. Bxe5 fxe5 22. Rae1 e4 23. Rf4 e3 24. Nxd4 Qb6 25. Rxe3+ Kd7 26. a5 Qxb2 27. Rf7+ Kc8 28. Qc7# 1-0

[Event "BLR-ch U20 Girls 2021"]
[Site "Minsk"]
[Date "2021.04.20"]
[Round "4.7"]
[White "Poliakova, Varvara"]
[Black "Astapchyk, Darya"]
[Result "1-0"]
[ECO "C56"]
[WhiteElo "1918"]
[BlackElo "1586"]
[Annotator "RC"]
[PlyCount "43"]
[EventDate "2021.04.20"]
[EventType "tourn"]
[EventCountry "BLR"]
[SourceTitle "playchess.com"]
[Source "ChessBase"]
[SourceQuality "1"]
[TimeControl "40/5400+30:1800+30"]

1. e4 e5 2. Nf3 Nc6 3. d4 exd4 4. Bc4 Nf6 5. e5 d5 6. Bb5 Ne4 7. O-O Bd7 8. Bxc6 bxc6 9. Nxd4 Bc5 10. c3 O-O 11. Nd2 Nxd2 12. Qxd2 Re8 13. Re1 f6 14. e6 Bxd4 15. exd7 Rxe1+ 16. Qxe1 Be5 17. f4 Bd6 18. Qe6+ Kf8 19. Qh3 h6 20. Be3 Qe7 21. Re1 Bxf4 22. Bf2 1-0

[Event "BLR-ch U20 Girls 2021"]
[Site "Minsk"]
[Date "2021.04.20"]
[Round "4.8"]
[White "Liashkevich, Lizaveta"]
[Black "Halouchyts, Karalina"]
[Result "0-1"]
[ECO "E84"]
[WhiteElo "1401"]
[BlackElo "1765"]
[Annotator "NA RC"]
[PlyCount "92"]
[EventDate "2021.04.20"]
[EventType "tourn"]
[EventCountry "BLR"]
[SourceTitle "playchess.com"]
[Source "ChessBase"]
[SourceQuality "1"]
[TimeControl "40/5400+30:1800+30"]

1. d4 Nf6 2. c4 g6 3. Nc3 Bg7 4. e4 d6 5. f3 O-O 6. Be3 Nc6 7. Qd2 a6 8. Nge2 Rb8 9. Nc1 e5 10. d5 Nd4 11. Nb3 Nxb3 12. axb3 c5 13. Be2 Ne8 14. O-O f5 15. f4 Nc7 16. fxe5 Bxe5 17. Bg5 Qe8 18. Bd3 b5 19. Rae1 bxc4 20. bxc4 Na8 21. Kh1 Nb6 22. Bh6 Rf7 23. exf5 Bxf5 24. Bxf5 Rxf5 25. Qd3 Qd7 26. b3 Qf7 27. Ne4 Nd7 28. Ng5 Qf6 29. g4 Rf2 30. h3 Qf4 31. Rxf2 Qxf2 32. Nf3 Qg3 33. Qe3 Qxh3+ 34. Kg1 Qxg4+ 35. Kh1 Re8 36. Bf4 Rf8 37. Nxe5 dxe5 38. Bxe5 Rf3 39. Qe4 Nxe5 40. Qxg4 Nxg4 41. b4 cxb4 42. c5 Nf6 43. d6 Rc3 44. Re6 Kf7 45. Re7+ Kf8 46. Re6 Nd7 0-1

[Event "BLR-ch U20 Girls 2021"]
[Site "Minsk"]
[Date "2021.04.20"]
[Round "5.6"]
[White "Astapchyk, Darya"]
[Black "Liashkevich, Lizaveta"]
[Result "0-1"]
[ECO "B13"]
[WhiteElo "1586"]
[BlackElo "1401"]
[Annotator "NA RC"]
[PlyCount "96"]
[EventDate "2021.04.20"]
[EventType "tourn"]
[EventCountry "BLR"]
[SourceTitle "playchess.com"]
[Source "ChessBase"]
[SourceQuality "1"]
[TimeControl "40/5400+30:1800+30"]

1. d4 d5 2. Nc3 Nf6 3. Bf4 c5 4. e3 cxd4 5. exd4 a6 6. Nf3 Bg4 7. h3 Bxf3 8. Qxf3 e6 9. O-O-O Nc6 10. g4 Bd6 11. Bg5 Be7 12. Bg2 Qb6 13. Qe3 O-O-O 14. Rhe1 h6 15. Bf4 g5 16. Bg3 Ne8 17. Ne2 Nd6 18. Qb3 Qa7 19. f4 gxf4 20. Bxf4 Nc4 21. c3 N6a5 22. Qc2 b5 23. b3 Ba3+ 24. Kb1 Nb2 25. Rd2 Kd7 26. Nc1 b4 27. Nd3 bxc3 28. Qxc3 Nxd3 29. Rxd3 Qb6 30. Red1 Rc8 31. Qe1 Nc4 32. Be5 Rhf8 33. Bg7 Rg8 34. Bxh6 Nb2 35. Qf1 Ke8 36. Rf3 Nxd1 37. Qxd1 e5 38. Be3 exd4 39. Bd2 Rg6 40. Rf1 Rgc6 41. Qe2+ Re6 42. Qf3 Qc7 43. Qd3 Rc6 44. Re1+ Kf8 45. Qf1 Kg8 46. Bxd5 Rc2 47. Bg5 d3 48. Bc4 Rxc4 0-1

[Event "BLR-ch U20 Girls 2021"]
[Site "Minsk"]
[Date "2021.04.21"]
[Round "6.5"]
[White "Tarasenka, Aliaksandra"]
[Black "Norman, Kseniya"]
[Result "1-0"]
[ECO "A40"]
[WhiteElo "1966"]
[BlackElo "1915"]
[Annotator "NA"]
[PlyCount "79"]
[EventDate "2021.04.20"]
[EventType "tourn"]
[EventCountry "BLR"]
[SourceTitle "playchess.com"]
[Source "ChessBase"]
[SourceQuality "1"]
[TimeControl "40/5400+30:1800+30"]

1. d4 g6 2. c4 Bg7 3. Nc3 c5 4. d5 Bxc3+ 5. bxc3 f5 6. e4 fxe4 7. f3 Nf6 8. fxe4 d6 9. Bd3 Qa5 10. Qc2 Bd7 11. Rb1 Ba4 12. Qe2 Nbd7 13. Nf3 Ne5 14. O-O O-O-O 15. Nxe5 dxe5 16. Qb2 b6 17. Bh6 Rhg8 18. Qd2 Rd6 19. Rbc1 b5 20. Qg5 bxc4 21. Bxc4 Qc7 22. Qxe5 Ng4 23. Qg5 Nxh6 24. Qxh6 g5 25. Qxh7 Re8 26. Qf5+ Bd7 27. Qxg5 Rb6 28. Qf4 e5 29. Qf7 Rh8 30. Qg7 Rh5 31. Be2 Rh4 32. Rf8+ Kb7 33. Rf7 Kc8 34. Qf8+ Kb7 35. Qe7 Rf4 36. Rxf4 exf4 37. e5 Rb2 38. d6 Qc8 39. e6 Rxe2 40. Qxd7+ 1-0

[Event "BLR-ch U20 Girls 2021"]
[Site "Minsk"]
[Date "2021.04.21"]
[Round "6.6"]
[White "Poliakova, Varvara"]
[Black "Zeliantsova, Kseniya"]
[Result "1/2-1/2"]
[ECO "B70"]
[WhiteElo "1918"]
[BlackElo "2017"]
[Annotator "ChessBase"]
[PlyCount "170"]
[EventDate "2021.04.20"]
[EventType "tourn"]
[EventCountry "BLR"]
[SourceTitle "playchess.com"]
[Source "ChessBase"]
[SourceQuality "1"]
[TimeControl "40/5400+30:1800+30"]

1. e4 c5 2. Nf3 Nc6 3. d4 cxd4 4. Nxd4 g6 5. Nc3 Bg7 6. Nb3 Nf6 7. Be2 d6 8. O-O O-O 9. Re1 Be6 10. Bf1 Rc8 11. Bg5 h6 12. Bh4 Ne5 13. Nd5 Bxd5 14. exd5 Qc7 15. c3 a5 16. a4 Qb6 17. Bb5 Rc7 18. h3 Nh5 19. Kh1 Nf4 20. Bg3 g5 21. Bxf4 gxf4 22. Nd4 Qc5 23. Qd2 Qxd5 24. Qxf4 Ng6 25. Qf3 Qxf3 26. Nxf3 d5 27. Rad1 Rd8 28. Rd2 e5 29. Bd3 Re7 30. Bxg6 fxg6 31. Rde2 g5 32. Kg1 Rde8 33. Nd4 Rf8 34. g4 e4 35. Nf5 Rd7 36. Rd1 Rfd8 37. Red2 Kf7 38. f3 exf3 39. Kf2 Bf8 40. Kxf3 Kf6 41. Re2 Rc7 42. Rde1 Rc6 43. Nd4 Rcd6 44. Re5 Bg7 45. Nf5 Rb6 46. R1e2 Bf8 47. Nd4 Rdd6 48. Re8 Kf7 49. Ra8 Ra6 50. Rc8 Rd7 51. Nf5 Bg7 52. Rce8 Bf8 53. R8e5 Rb6 54. Kg2 Kf6 55. Kf1 Rxb2 56. Re6+ Kf7 57. Nxh6+ Bxh6 58. Rxh6 Rxe2 59. Kxe2 Re7+ 60. Kd3 Re4 61. Rd6 Rxa4 62. Rxd5 Kf6 63. Rf5+ Kg6 64. Rb5 Rf4 65. Rb6+ Rf6 66. Rxb7 Rf3+ 67. Kd4 Rxh3 68. c4 Rg3 69. c5 Rxg4+ 70. Kd5 Rg1 71. c6 Rd1+ 72. Ke6 Rc1 73. Kd6 Kh5 74. Rb5 a4 75. c7 a3 76. Ra5 Kh4 77. Rxa3 g4 78. Ra8 g3 79. Rh8+ Kg4 80. c8=Q+ Rxc8 81. Rxc8 g2 82. Ke5 Kf3 83. Rf8+ Ke2 84. Rg8 Kf2 85. Rxg2+ Kxg2 1/2-1/2

[Event "BLR-ch U20 Girls 2021"]
[Site "Minsk"]
[Date "2021.04.21"]
[Round "6.7"]
[White "Liashkevich, Lizaveta"]
[Black "Khomich, Maryna"]
[Result "0-1"]
[ECO "D10"]
[WhiteElo "1401"]
[BlackElo "1409"]
[Annotator "NA"]
[PlyCount "98"]
[EventDate "2021.04.20"]
[EventType "tourn"]
[EventCountry "BLR"]
[SourceTitle "playchess.com"]
[Source "ChessBase"]
[SourceQuality "1"]
[TimeControl "40/5400+30:1800+30"]

1. d4 d5 2. c4 c6 3. cxd5 cxd5 4. Bf4 Nf6 5. e3 Nc6 6. Nc3 a6 7. Bd3 Bg4 8. Nge2 e6 9. Rc1 Be7 10. O-O O-O 11. Na4 Nd7 12. Qb3 Na5 13. Qc3 Nc6 14. f3 Bh5 15. Bg3 Bg6 16. Nf4 Rc8 17. Bxg6 hxg6 18. Nd3 Nb4 19. Bc7 Nxa2 20. Qa5 Rxc7 21. Qxc7 Nxc1 22. Rxc1 b5 23. Qxd8 Rxd8 24. Nac5 Nxc5 25. dxc5 a5 26. Kf2 Rc8 27. b3 Bf6 28. f4 Kf8 29. Rc2 Ke8 30. g4 g5 31. Kf3 gxf4 32. exf4 Bd4 33. h4 f6 34. Ra2 e5 35. fxe5 fxe5 36. Ke2 Bc3 37. Rc2 b4 38. c6 Rxc6 39. Ra2 Ra6 40. Nc5 Ra7 41. Kd3 Ke7 42. Re2 Kd6 43. Na4 Rc7 44. g5 e4+ 45. Ke3 Rf7 46. Rg2 Rf3+ 47. Ke2 d4 48. Rf2 d3+ 49. Kf1 d2 0-1

[Event "BLR-ch U20 Girls 2021"]
[Site "Minsk"]
[Date "2021.04.21"]
[Round "6.8"]
[White "Halouchyts, Karalina"]
[Black "Astapchyk, Darya"]
[Result "1-0"]
[ECO "B01"]
[WhiteElo "1765"]
[BlackElo "1586"]
[Annotator "NA"]
[PlyCount "91"]
[EventDate "2021.04.20"]
[EventType "tourn"]
[EventCountry "BLR"]
[SourceTitle "playchess.com"]
[Source "ChessBase"]
[SourceQuality "1"]
[TimeControl "40/5400+30:1800+30"]

1. e4 d5 2. exd5 Qxd5 3. Nc3 Qd6 4. d4 Nf6 5. Nf3 c6 6. g3 Bg4 7. Bg2 Nbd7 8. O-O h6 9. Bf4 Qb4 10. d5 cxd5 11. Nxd5 Nxd5 12. Qxd5 e6 13. Qd3 Bc5 14. Ne5 Nxe5 15. Bxe5 O-O 16. a3 Qb6 17. b4 Be7 18. Qe4 Bf5 19. Qxb7 Qxb7 20. Bxb7 Rad8 21. c4 f6 22. Bf4 g5 23. Be3 Rd7 24. Bc6 Rc7 25. b5 Bd3 26. Rfc1 f5 27. Bd4 Bf6 28. Bxf6 Rxf6 29. Rc3 Be2 30. Re1 Bg4 31. c5 f4 32. f3 Bh3 33. Be4 g4 34. Rec1 e5 35. a4 gxf3 36. Bxf3 Bd7 37. c6 Bf5 38. Bd5+ Kf8 39. a5 Rd6 40. Rc5 Rd8 41. b6 axb6 42. axb6 Rg7 43. c7 Re8 44. b7 fxg3 45. c8=Q gxh2+ 46. Kxh2 1-0

[Event "BLR-ch U20 Girls 2021"]
[Site "Minsk"]
[Date "2021.04.22"]
[Round "7.2"]
[White "Khomich, Maryna"]
[Black "Halouchyts, Karalina"]
[Result "0-1"]
[ECO "A26"]
[WhiteElo "1409"]
[BlackElo "1765"]
[Annotator "NA RC"]
[PlyCount "76"]
[EventDate "2021.04.20"]
[EventType "tourn"]
[EventCountry "BLR"]
[SourceTitle "playchess.com"]
[Source "ChessBase"]
[SourceQuality "1"]
[TimeControl "40/5400+30:1800+30"]

1. c4 Nf6 2. Nf3 g6 3. g3 Bg7 4. Bg2 O-O 5. O-O d6 6. Nc3 e5 7. d3 Nc6 8. Rb1 a5 9. a3 Re8 10. Ng5 h6 11. Nge4 Nxe4 12. dxe4 Be6 13. Nd5 a4 14. e3 Na5 15. Qxa4 c6 16. b4 Nxc4 17. Qc2 cxd5 18. exd5 Bf5 19. e4 Rc8 20. exf5 Nxa3 21. Qb3 Nxb1 22. Qxb1 gxf5 23. Bh3 Rc4 24. Bxf5 e4 25. Bf4 Qb6 26. b5 Qc5 27. Qd1 Qd4 28. Qh5 Qf6 29. g4 Kf8 30. Bg3 Rd4 31. Be6 fxe6 32. Bxd6+ Re7 33. Rc1 Kg8 34. Rc8+ Bf8 35. g5 hxg5 36. Rxf8+ Kxf8 37. Bxe7+ Kxe7 38. Qh7+ Kd6 0-1